 Dungeon Crawl Stone Soup version 0.20-a0-991-g93344ec (webtiles) character file.

81 Murumi the Sneak (level 4, -6/38 HPs)
             Began as a Naga Enchanter on Apr 11, 2017.
             Mangled by a gnoll
             ... wielding a +0 flail of crushing
              (12 damage)
             ... on level 2 of the Dungeon.
             The game lasted 00:05:53 (1800 turns).

Murumi the Sneak (Naga Enchanter)                   Turns: 1800, Time: 00:05:54

Health: -6/38      AC:  3    Str: 10    XL:     4   Next: 42%
Magic:  1/7        EV: 10    Int: 16    God:
Gold:   69         SH:  0    Dex: 12    Spells: 4/7 levels left

rFire    . . .     SeeInvis +   a - +1 dagger
rCold    . . .     Gourm    .   (no shield)
rNeg     + . .     Faith    .   b - +1 robe
rPois    +         Spirit   .   (no helmet)
rElec    .         Reflect  .   (no cloak)
rCorr    .         Harm     .   (no gloves)
MR       .....     Rnd*Tele +   (no barding)
Stlth    +++.......             (no amulet)
Regen    0.2/turn               h - ring of positive energy
MPRegen  0.1/turn               k - ring of teleportation (curse)

@: short of breath, very slightly contaminated, hasted, quick
A: see invisible, deformed body, poison resistance, slowness 2, slow metabolism
1, spit poison 1, AC +1
a: Spit Poison


You were on level 2 of the Dungeon.
You were very hungry.

You visited 1 branch of the dungeon, and saw 2 of its levels.

You collected 69 gold pieces.

Inventory:

Hand Weapons
 a - a +1 dagger (weapon)
Armour
 b - a +1 robe (worn)
Jewellery
 h - a ring of positive energy (left hand)
 k - a cursed ring of teleportation (right hand)
Scrolls
 f - 2 scrolls of enchant armour
Books
 c - a book of Maledictions

   Spells                             Type                      Level
   a - Corona                         Hexes                        1
   b - Ensorcelled Hibernation        Hexes/Ice                    2
   c - Confuse                        Hexes                        3
   d - Tukima's Dance                 Hexes                        3
   e - Dazzling Spray                 Conjuration/Hexes            3
Comestibles
 d - 3 bread rations
 j - 2 meat rations
 l - a royal jelly


   Skills:
 - Level 1.0 Fighting
 - Level 1.0 Short Blades
 - Level 2.0 Dodging
 + Level 7.1 Stealth
 - Level 2.0 Spellcasting
 - Level 3.0 Hexes


You had 4 spell levels left.
You knew the following spells:

 Your Spells              Type           Power        Failure   Level  Hunger
a - Corona                Hex            ##.....      8%          1    #......
b - Ensorcelled Hibernat  Hex/Ice        #.....       17%         2    ###....


Dungeon Overview and Level Annotations

Branches:
Dungeon (2/15)

Altars:

Annotations:
D:2 1 runed door


Innate Abilities, Weirdness & Mutations

You cannot wear boots.
Your serpentine skin is tough. (AC +1)
You have supernaturally acute eyesight. (SInv)
Armour fits poorly on your strangely shaped body.
Your system is resistant to poisons. (rPois)
You cover ground very slowly.
You have a slow metabolism.
You can spit poison.


Message History

Casting: Ensorcelled Hibernation
Confirm with . or Enter, or press ? or * to list all spells.
Aiming: Ensorcelled Hibernation
Press: ? - help, Shift-Dir - straight line, f/p - gnoll
Aim: a gnoll, wielding a flail of crushing (moderately wounded, chance to defeat MR: 47%)
You miscast Ensorcelled Hibernation.
You are very lightly contaminated with residual magic.
Your hands glow momentarily.
You hit the gnoll.
The gnoll is heavily wounded.
The gnoll barely misses you.
You hit the gnoll.
The gnoll is severely wounded.
You closely miss the gnoll.
The gnoll is severely wounded.
The gnoll hits you but does no damage.
You hit the gnoll.
The gnoll is almost dead.
The gnoll hits you with a flail of crushing!
You die...

♣♣♣ ♣♣.♣♣ ♣@..♣
#.g♣♣.♣♣♣♣
#..♣♣.♣♣♣.♣ ....
♣.♣♣.♣♣♣ .....
♣.♣.♣._♣ ..# .....
♣...♣♣♣♣♣..# #.
.... ♣♣♣.♣.♣ ♣..#
#... .... ..
♣♣.♣♣♣♣..###...
♣...♣...♣♣........


You could see a gnoll.

Vanquished Creatures
  2 gnolls (D:2)
  3 adders (D:2)
  A worm (D:2)
  A dart slug (D:1)
  A leopard gecko (D:1)
  4 hobgoblins
  5 kobolds (D:1)
  A quokka (D:2)
  4 bats
  2 frilled lizards
  6 goblins
  A rat (D:2)
31 creatures vanquished.

Notes
Turn   | Place    | Note
-------+----------+-------------------------------------------
     0 | D:1      | Murumi the Naga Enchanter began the quest for the Orb.
     0 | D:1      | Reached XP level 1. HP: 15/15 MP: 3/3
   503 | D:1      | Reached XP level 2. HP: 22/22 MP: 5/5
   507 | D:1      | Learned a level 2 spell: Ensorcelled Hibernation
   565 | D:1      | Reached skill level 5 in Stealth
   825 | D:1      | Reached skill level 1 in Fighting
  1371 | D:2      | Reached XP level 3. HP: 30/31 MP: 3/6
  1536 | D:2      | Reached skill level 6 in Stealth
  1695 | D:2      | Reached XP level 4. HP: 38/38 MP: 4/7
  1732 | D:2      | Found a runed door.
  1760 | D:2      | Found a faded altar of an unknown god.
  1788 | D:2      | Reached skill level 7 in Stealth
  1800 | D:2      | Mangled by a gnoll

Vault maps used:
D:1:      roderic_chinese_lattice_arrival
D:2:      amethyst_overflow_temple_binary, chequers_ecumenical_altar_grove,
          uniq_crazy_yiuf_cottage

Skill      XL: |  1  2  3  4 |
---------------+-------------+-----
Dodging        | 2 |  2.0
Stealth        | 5 6 7 |  7.1
Fighting       | 1 |  1.0
Short Blades   | |  1.0
Spellcasting   | |  2.0
Hexes          | |  3.0

Action                   |  1- 3 |  4- 6 || total
-------------------------+-------+-------++-------
Melee: Dagger            |    68 |    15 ||    83
 Cast: Ensorcelled Hiber |     5 |     5 ||    10
       Corona            |       |     1 ||     1
 Abil: Spit Poison       |    11 |     2 ||    13
  Use: Scroll            |     7 |       ||     7
       Potion            |       |     3 ||     3
 Stab: Sleeping          |     8 |     1 ||     9
  Eat: Chunk             |     2 |       ||     2
Armor: Robe              |    18 |     4 ||    22
Dodge: Dodged            |    55 |     5 ||    60
